 Dungeon Crawl Stone Soup version 0.22.1-1-ga44c0e56f4 (webtiles) character file.

16007 Revguard the Basher (level 12, -17/110 HPs)
             Began as a Grey Draconian Wanderer on Nov 3, 2018.
             Demolished by a very large slime creature (61 damage)
             ... on level 13 of the Dungeon on Nov 5, 2018.
             The game lasted 00:55:10 (11612 turns).

Revguard the Basher (Grey Draconian Wanderer)      Turns: 11612, Time: 00:55:11

Health: -17/110    AC: 27    Str: 15    XL:     12   Next: 6%
Magic:  12/12      EV: 19    Int: 12    God:
Gold:   875        SH:  0    Dex: 16    Spells: 11/11 levels left

rFire    . . .     SeeInvis +   h - +5 dire flail (protect)
rCold    . . .     Gourm    .   (shield currently unavailable)
rNeg     . . .     Faith    .   (armour unavailable)
rPois    +         Spirit   .   F - +2 hat {MR+}
rElec    .         Reflect  .   M - +1 cloak
rCorr    .         Harm     .   w - +0 pair of gloves
MR       +....                  e - +1 pair of boots
Stlth    +++.......             (no amulet)
HPRegen  0.28/turn              j - ring of poison resistance
MPRegen  0.13/turn              z - ring of see invisible

@: marked, protection aura
A: walk through water, unfitting armour, deterioration 1, unbreathing,
cold-blooded, MP-powered wands, AC +13
a: no special abilities


You were on level 13 of the Dungeon.
You were not hungry.

You visited 2 branches of the dungeon, and saw 14 of its levels.

You collected 875 gold pieces.

Inventory:

Hand Weapons
 h - a +5 dire flail of protection (weapon)
 k - the +4 dagger "Citij" {flame, rPois rC+}
   (You found it on level 4 of the Dungeon)

   It has been specially enchanted to burn those struck by it, causing extra
   injury to most foes and up to half again as much damage against particularly
   susceptible opponents.
   It protects you from cold.
   It protects you from poison.
Armour
 e - a +1 pair of boots (worn)
 w - a +0 pair of gloves (worn)
 F - a +2 hat of magic resistance (worn)
 M - a +1 cloak (worn)
Jewellery
 b - the ring of Ystrausui {rPois rF+ rC+ Dex-5 Slay+4}
   (You took it off an orc priest on level 11 of the Dungeon)

   [ring of poison resistance]

   It affects your dexterity (-5).
   It affects your accuracy and damage with ranged weapons and melee attacks
   (+4).
   It protects you from fire.
   It protects you from cold.
   It protects you from poison.
 j - a ring of poison resistance (left hand)
 r - an uncursed ring of resist corrosion
 v - an uncursed ring of protection from cold
 y - an uncursed ring of ice
 z - a ring of see invisible (right hand)
Wands
 a - a wand of disintegration (15)
 c - a wand of polymorph (8)
 A - a wand of flame (9)
 B - a wand of enslavement (15)
 D - a wand of paralysis (10)
 H - a wand of random effects (51)
Scrolls
 m - 2 scrolls of amnesia
 p - 8 scrolls of teleportation
 q - 3 scrolls of immolation
 s - 4 scrolls of fog
 t - 4 scrolls of magic mapping
 u - 4 scrolls of fear
 x - a scroll of identify
 C - 7 scrolls of remove curse
 I - a scroll of enchant weapon
 J - 3 scrolls of enchant armour
 O - a scroll of holy word
Potions
 f - 2 potions of might
 g - 2 potions of brilliance
 i - a potion of lignification
 l - 2 potions of haste
 n - 2 potions of curing
 o - 3 potions of agility
 E - 2 potions of flight
 G - a potion of invisibility
 K - 2 potions of cancellation
Miscellaneous
 L - a phantom mirror
Comestibles
 d - 25 rations


   Skills:
 + Level 11.0 Fighting
 + Level 13.0(13.3) Maces & Flails
   Level 4.7(9.8) Staves
 * Level 9.3 Dodging
 - Level 4.0 Stealth
   Level 2.0 Shields


You had 11 spell levels left.
You didn't know any spells.
Your spell library contained the following spells:

 Spells                   Type           Power        Failure   Level  Hunger
 Magic Dart               Conj           #...         32%         1    ##.....
 Blink                    Tloc           N/A          45%         2    ###....
 Call Imp                 Summ           #.......     45%         2    ###....
 Slow                     Hex            #.......     45%         2    ###....
 Conjure Flame            Conj/Fire      #.......     69%         3    ####...
 Mephitic Cloud           Conj/Pois/Air  #.......     69%         3    ####...
 Irradiate                Conj/Tmut      #.........   100%        5    ######.
 Hydra Form               Tmut           #.........   100%        6    #######
 Statue Form              Tmut/Erth      #........    100%        6    #######
 Dragon Form              Tmut           #.........   100%        7    #######


Dungeon Overview and Level Annotations

Branches:
Dungeon (13/15)            Temple (1/1) D:6            Lair (0/6) D:11
    Orc (0/2) D:9
 Vaults: D:13-14

Altars:
Ashenzari
Cheibriados
Dithmenos
Elyvilon
Fedhas
Gozag
Hepliaklqana
Kikubaaqudgha
Makhleb
Nemelex Xobeh
Okawaru
Qazlal
Ru
Sif Muna
Trog
Uskayaw
Vehumet
Wu Jian
Xom
Yredelemnul
Zin
The Shining One

Shops:
D:7 =   D:9 [   D:10 %


Innate Abilities, Weirdness & Mutations

You can walk through water.
Your dull iron-grey scales are very hard. (AC +13)
You cannot fit into any form of body armour.
You can survive without breathing.
You are cold-blooded and may be slowed by cold attacks.
Your body sometimes deteriorates upon taking damage.
You expend magic power (3 MP) to strengthen your wands.


Message History

You hit the very large slime creature but do no damage.
You tail-slap the very large slime creature, but do no damage.
The very large slime creature is severely wounded.
The very large slime creature closely misses you.
You completely miss the very large slime creature.
The very large slime creature is severely wounded.
You bludgeon the very large slime creature!!
You tail-slap the very large slime creature.
The very large slime creature is severely wounded.
The very large slime creature misses you.
You puncture the very large slime creature!
The very large slime creature is almost dead.
The very large slime creature hits you!!!
* * * LOW HITPOINT WARNING * * *
You sock the very large slime creature!
The very large slime creature is almost dead.
You feel better.
The very large slime creature hits you!!!
Ouch! That really hurt!
You die...

# # ## #.
###########. #..
##...........
#...
####..##########
#.... ##....##
#.....##..####
#.....J@.##
#.....#### ####+


You could see a very large slime creature.

Vanquished Creatures
  Gastronok (D:8)
  Erolcha (D:11)
  A centaur warrior (D:13)
  The ghost of Peloso the Carver, a novice MiFi of Okawaru (D:8)
  An unseen horror (D:11)
  2 ugly things
  A centaur zombie (D:13)
  Psyche (D:11)
  2 gargoyles
  2 trolls
  A hippogriff (D:8)
  A meliai zombie (D:12)
  A shadow (D:11)
  14 yaks
  2 wyverns (D:11)
  Grum (D:8)
  2 hungry ghosts
  3 wargs (D:11)
  Edmund (D:4)
  An acid dragon (D:13)
  3 black bears (D:12)
  6 orc warriors
  2 ice beasts
  2 sky beasts
  A black bear (shapeshifter) (D:13)
  4 phantoms
  6 centaurs
  3 ogres
  4 wolves (D:8)
  A crocodile (D:11)
  2 bullfrogs
  A big kobold (D:9)
  A gnoll sergeant (D:5)
  A wyvern skeleton (D:13)
  4 scorpions
  8 wights
  An electric eel (D:7)
  4 howler monkeys
  4 crimson imps
  19 orc wizards
  A jelly (D:11)
  A centaur skeleton (D:4)
  6 hounds
  A bullfrog skeleton (D:5)
  14 orc priests
  Ijyb (D:4)
  Natasha (thrice) (D:4)
  2 iguanas (D:5)
  11 worker ants
  A hound zombie (D:9)
  A hound skeleton (D:9)
  A worker ant zombie (D:10)
  9 gnolls
  10 adders
  2 shadow imps
  2 oozes (D:1)
  4 adder skeletons
  4 worms
  2 dart slugs
  9 leopard geckos
  36 orcs
  6 bats
  6 giant cockroaches
  3 goblins
  2 hobgoblins
  10 jackals
  4 quokkas
  A ball python (D:3)
  10 frilled lizards
  A jackal zombie (D:5)
  10 kobolds
  4 rats
295 creatures vanquished.

Notes
Turn   | Place    | Note
-------+----------+-------------------------------------------
     0 | D:1      | Revguard the Draconian Wanderer began the quest for the
                  | Orb.
     0 | D:1      | Revguard set off with: a +2 quarterstaff, a +0 hand axe, a
                  | potion of lignification, a ration
     0 | D:1      | Reached XP level 1. HP: 23/23 MP: 1/1
   142 | D:1      | Reached XP level 2. HP: 30/30 MP: 2/2
   547 | D:1      | Reached XP level 3. HP: 34/37 MP: 3/3
   891 | D:2      | Reached skill level 1 in Dodging
  1475 | D:3      | Reached XP level 4. HP: 45/45 MP: 4/4
  1678 | D:3      | Reached XP level 5. HP: 37/51 MP: 5/5
  2323 | D:4      | Noticed Edmund
  2342 | D:4      | Killed Edmund
  2342 | D:4      | Reached XP level 6. HP: 29/58 MP: 6/6
  2446 | D:4      | Got a twisted dagger
  2474 | D:4      | Your scales start taking on a dull iron-grey colour.
  2474 | D:4      | Reached XP level 7. HP: 50/64 MP: 7/7
  2474 | D:4      | Gained mutation: You can survive without breathing. [Grey
                  | Draconian growth]
  2492 | D:4      | Noticed Natasha
  2512 | D:4      | Killed Natasha
  2512 | D:4      | Reached skill level 2 in Maces & Flails
  2517 | D:4      | Gained mutation: Potions are less effective at restoring
                  | your health. [potion of mutation]
  2517 | D:4      | Gained mutation: Your large and strong wings let you fly
                  | indefinitely. [potion of mutation]
  2656 | D:4      | Noticed Ijyb
  2690 | D:4      | Killed Ijyb
  2815 | D:4      | Noticed Natasha
  2824 | D:4      | Killed Natasha
  2981 | D:4      | Noticed Natasha
  2989 | D:4      | Killed Natasha
  2989 | D:4      | Reached skill level 3 in Maces & Flails
  3014 | D:5      | Entered Level 5 of the Dungeon
  3017 | D:5      | Found a burning altar of Makhleb.
  3345 | D:5      | Reached skill level 4 in Maces & Flails
  3345 | D:5      | Reached XP level 8. HP: 73/73 MP: 8/8
  3466 | D:5      | Reached skill level 5 in Maces & Flails
  3670 | D:5      | Reached skill level 6 in Maces & Flails
  4003 | D:5      | Identified the +4 dagger "Citij" {flame, rPois rC+} (You
                  | found it on level 4 of the Dungeon)
  4113 | D:6      | Reached skill level 5 in Dodging
  4132 | D:6      | Reached XP level 9. HP: 71/81 MP: 9/9
  4136 | D:6      | Found an opulent altar of Gozag.
  4212 | D:6      | Reached skill level 7 in Maces & Flails
  4440 | D:6      | Found a staircase to the Ecumenical Temple.
  4458 | Temple   | Entered the Ecumenical Temple
  5169 | D:7      | Lost mutation: Potions are less effective at restoring your
                  | health. [potion of mutation]
  5169 | D:7      | Lost mutation: Your large and strong wings let you fly
                  | indefinitely. [potion of mutation]
  5169 | D:7      | Gained mutation: You passively map a small area around you.
                  | [potion of mutation]
  5169 | D:7      | Gained mutation: You are resistant to hostile enchantments.
                  | (MR+) [potion of mutation]
  5569 | D:7      | Found a sacrificial altar of Ru.
  5575 | D:7      | Found a radiant altar of Vehumet.
  5693 | D:7      | Found a deep blue altar of Sif Muna.
  5727 | D:7      | Found Kuloura's Jewellery Emporium.
  5827 | D:7      | Reached skill level 8 in Maces & Flails
  6079 | D:8      | Found a large runed door.
  6079 | D:8      | Found a large runed door.
  6081 | D:8      | Noticed Peloso's ghost (novice MiFi)
  6542 | D:8      | Noticed Gastronok
  6563 | D:8      | Killed Gastronok
  6563 | D:8      | Reached skill level 10 in Maces & Flails
  6563 | D:8      | Reached XP level 10. HP: 35/91 MP: 10/10
  6754 | D:8      | Noticed Grum
  6799 | D:8      | Killed Grum
  7235 | D:8      | Killed Peloso's ghost
  7445 | D:9      | Found a staircase to the Orcish Mines.
  7450 | D:9      | Found Naurekypp's Armour Emporium.
  7579 | D:9      | Found a shimmering altar of Xom.
  7827 | D:9      | You fall through a shaft!
  7827 | D:10     | Entered Level 10 of the Dungeon
  8102 | D:10     | Found Pyfem's Food Shop.
  8428 | D:10     | Reached skill level 11 in Maces & Flails
  8735 | D:11     | Noticed a white ugly thing
  8755 | D:11     | Killed a white ugly thing
  8755 | D:11     | Reached XP level 11. HP: 99/99 MP: 11/11
  8773 | D:11     | Found a staircase to the Lair.
  8948 | D:11     | Got a scorched tin ring
  9019 | D:11     | Reached skill level 10 in Fighting
  9280 | D:11     | Noticed Psyche
  9287 | D:11     | Noticed Erolcha
  9299 | D:11     | Identified the ring of Ystrausui {rPois rF+ rC+ Dex-5
                  | Slay+4} (You took it off an orc priest on level 11 of the
                  | Dungeon)
  9317 | D:11     | Killed Psyche
  9323 | D:11     | Killed Erolcha
  9611 | D:11     | Noticed an unseen horror
  9631 | D:11     | Killed an unseen horror
 10494 | D:12     | Lost mutation: You are resistant to hostile enchantments.
                  | (MR+) [potion of mutation]
 10494 | D:12     | Lost mutation: You passively map a small area around you.
                  | [potion of mutation]
 10494 | D:12     | Gained mutation: Your body sometimes deteriorates upon
                  | taking damage. [potion of mutation]
 10494 | D:12     | Gained mutation: You expend magic power (3 MP) to
                  | strengthen your wands. [potion of mutation]
 10546 | D:12     | Reached skill level 12 in Maces & Flails
 11310 | D:13     | Noticed a centaur warrior
 11322 | D:13     | Killed a centaur warrior
 11395 | D:13     | Reached XP level 12. HP: 103/108 MP: 12/12
 11464 | D:13     | Reached skill level 13 in Maces & Flails
 11612 | D:13     | Demolished by a very large slime creature

Skill      XL: |  1  2  3  4  5  6  7  8  9 10 11 12 |
---------------+-------------------------------------+-----
Fighting       | 6 7 8 9 10 11 | 11.0
Dodging        | 1 2 3 4 5 6 7 9 |  9.3
Staves         | 2 4 |  4.7
Maces & Flails | 4 6 10 11 12 13 | 13.0
Stealth        | 2 3 4 |  4.0
Shields        | |  2.0

Action                   |  1- 3 |  4- 6 |  7- 9 | 10-12 || total
-------------------------+-------+-------+-------+-------++-------
Melee: Quarterstaff      |    71 |    87 |       |       ||   158
       Tailslap          |     8 |    15 |    57 |    99 ||   179
       Dire flail        |       |    24 |   373 |   576 ||   973
       Unarmed           |       |       |    16 |       ||    16
  Use: Scroll            |       |    11 |     7 |     5 ||    23
       Potion            |       |     2 |     7 |     5 ||    14
 Stab: Sleeping          |     3 |     2 |     5 |     4 ||    14
       Distracted        |       |       |     1 |     1 ||     2
  Eat: Chunk             |     1 |     3 |     8 |     7 ||    19
       Ration            |       |       |     2 |     3 ||     5
Armor: Skin              |    23 |    26 |   159 |   179 ||   387
Dodge: Dodged            |    47 |    71 |   246 |   435 ||   799
